 Dungeon Crawl Stone Soup version 0.30-a0-726-gd89dcf765f (webtiles) character file.

Game seed: 234388461004681587

466476 browni3141 the Lord of Darkness (level 25, 0/252 HPs)
             Began as a Human Earth Elementalist on Jan 29, 2023.
             Was the Champion of Kikubaaqudgha.
             Slain by a black draconian knight
             ... wielding a +3 glaive
             ... led by a purple draconian shifter
              (16 damage)
             ... on level 1 of the Realm of Zot.
             The game lasted 04:33:22 (65915 turns).

browni3141 the Lord of Darkness (HuEE)             Turns: 65915, Time: 04:33:23

Health: 0/252      AC: 28    Str: 10    XL:     25   Next: 46%
Magic:  16/42      EV: 18    Int: 30    God:    Kikubaaqudgha [******]
Gold:   1880       SH: 11    Dex: 12    Spells: 3/54 levels left

rFire   . . .      SeeInvis +    a - +9 rapier (pain)
rCold   + + .      Faith    .    y - +3 buckler {rC+}
rNeg    + . .      Spirit   .    (body armour currently unavailable)
rPois   ∞          Reflect  +    w - +2 helmet of the Hall of Blades {Fly rF+ Dex-2}
rElec   +          Harm     .    v - +2 cloak {Will+}
rCorr   .          Rampage  .    (gloves currently unavailable)
Will    +....                    (boots currently unavailable)
Stlth   ++++++                   A - amulet "Qeoraih" {Reflect +Blink rPois Regen+ SH+5}
HPRegen 1.42/turn                n - ring of Ascent {Ice rElec rPois Will- SInv}
MPRegen 0.28/turn                Q - +6 ring of intelligence

@: statue-form, death channelling, corroded, flying, hasted and slowed, very
slow
A: slow and powerful, torment resistance 1, boosted hp, dopey 1
}: 3/15 runes: barnacled, abyssal, gossamer
a: End Transformation, Renounce Religion, Evoke Blink, Unearth Wretches, Torment


You were on level 1 of the Realm of Zot.
You worshipped Kikubaaqudgha.
Kikubaaqudgha was exalted by your worship.
You were a living statue of rough stone.
You visited 10 branches of the dungeon, and saw 43 of its levels.
You visited the Abyss 1 time.
You also visited: Sewer, Gauntlet and Ice Cave.

You collected 5863 gold pieces.
You spent 3983 gold pieces at shops.

Inventory:

Hand Weapons
 a - a +9 rapier of pain (weapon)
 b - a +9 rapier of speed
Missiles
 Y - 9 curare-tipped darts
Armour
 d - the +2 pair of gloves "Bymuen" (melded) {Int+3}
   (You found it in a Gauntlet)

   Int:       It affects your intelligence (+3).
 f - an orb of guile
 l - the +1 pair of boots "Netinao" (melded) {+Inv rF+}
   (You bought it in a shop on level 1 of the Elven Halls)

   rF:        It protects you from fire.
   +Inv:      It lets you turn invisible.
 u - the -2 buckler "Tourr" {Will+}
   (You bought it in a shop on level 14 of the Dungeon)

   Will:      It increases your willpower.
 v - a +2 cloak of willpower (worn)
 w - the +2 helmet of the Hall of Blades (worn) {Fly rF+ Dex-2}
   (You acquired it on level 2 of the Lair of Beasts)

   Dex:       It affects your dexterity (-2).
   rF:        It protects you from fire.
   Fly:       It grants you flight.
 y - a +3 buckler of cold resistance (worn)
 W - the +4 Cigotuvi's embrace (melded) {Corpsefed rMiasma Drain rN+}
   (You took it off an orc warrior on level 9 of the Dungeon)

   Corpsefed: It gathers nearby corpses to temporarily increase the armour it
   provides.
   rMiasma:   It protects you from foul pestilence.
   rN:        It protects you from negative energy.
   Drain:     It drains your maximum health when unequipped.
Magical Staves
 e - a staff of death
Jewellery
 n - the ring of Ascent (left fist) {Ice rElec rPois Will- SInv}
   (You found it on level 2 of the Dungeon)

   [ring of ice]

   It enhances your ice magic.
   rF:        It makes you vulnerable to fire.
   rC:        It protects you from cold.
   rElec:     It insulates you from electricity.
   rPois:     It protects you from poison.
   SInv:      It lets you see invisible.
   Will:      It decreases your willpower.
 A - the amulet "Qeoraih" (around neck) {Reflect +Blink rPois Regen+ SH+5}
   (You bought it in a shop on level 3 of the Vaults)

   [amulet of reflection]

   It reflects blocked missile attacks.
   rPois:     It protects you from poison.
   +Blink:    It lets you blink.
   Regen:     It increases your rate of health regeneration.
   SH:        It affects your SH (+5).
 D - a ring of positive energy
 E - a ring of protection from fire
 H - a ring of protection from cold
 J - the amulet of Fatigue {RegenMP rPois Str+3}
   (You bought it in a shop on level 3 of the Dungeon)

   [amulet of magic regeneration]

   It increases your rate of magic regeneration.
   Str:       It affects your strength (+3).
   rPois:     It protects you from poison.
 Q - a +6 ring of intelligence (right fist)
Wands
 h - a wand of mindburst (13)
 s - a wand of digging (21)
 I - a wand of iceblast (30)
 L - a wand of quicksilver (21)
 R - a wand of paralysis (36)
Scrolls
 k - 18 scrolls of teleportation
 r - 6 scrolls of fog
 C - a scroll of butterflies
 F - 6 scrolls of blinking
 M - 7 scrolls of immolation
 N - 6 scrolls of poison
 O - a scroll of fear
 S - 8 scrolls of vulnerability
 T - 7 scrolls of magic mapping
 X - 5 scrolls of silence
Potions
 c - 6 potions of resistance
 g - 5 potions of brilliance
 i - 4 potions of heal wounds
 j - 4 potions of magic
 m - 4 potions of ambrosia
 o - 7 potions of mutation
 p - 4 potions of cancellation
 q - 4 potions of lignification
 z - 24 potions of curing
 B - 7 potions of might
 U - 5 potions of haste
 V - 6 potions of attraction
 Z - 5 potions of berserk rage
Miscellaneous
 t - a box of beasts (inert)
 x - a phial of floods (inert)
 G - a phantom mirror (inert)
 K - a condenser vane (inert)


   Skills:
 - Level 15.0 Fighting
 - Level 10.0 Short Blades
 - Level 4.0 Staves
 - Level 15.0 Dodging
 - Level 15.0 Stealth
 - Level 15.0 Spellcasting
 * Level 10.7 Conjurations
 - Level 5.0 Hexes
 - Level 15.0 Necromancy
 * Level 14.3 Transmutations
 - Level 15.0 Earth Magic
 - Level 15.0 Evocations


You had 3 spell levels left.
You knew the following spells:

 Your Spells              Type           Power      Damage    Failure   Level
a - Iron Shot             Conj/Erth      39%        9d8       2%          6
b - Passwall              Tmut/Erth      70%        N/A       0%          2
d - Petrify               Tmut/Erth      84%        N/A       1%          4
e - Confusing Touch       Hex            51%        N/A       1%          3
g - Sublimation of Blood  Necr           85%        N/A       0%          2
h - Vampiric Draining     Necr           85%        2d12      1%          3
i - Cigotuvi's Dreadful   Necr/Pois/Air  100%       N/A       1%          2
j - Borgnjor's Vile Clut  Necr/Erth      42%        N/A       1%          5
k - Death Channel         Necr           42%        N/A       1%          6
l - Cause Fear            Hex            25%        N/A       3%          4
m - Anguish               Hex/Necr       35%        N/A       1%          4
n - Dispel Undead         Necr           85%        3d27      1%          4
o - Statue Form           Tmut/Erth      56%        N/A       1%          6

Your spell library contained the following spells:

 Spells                   Type           Power      Damage    Failure   Level
 Kiss of Death            Conj/Necr      100%       2d13      0%          1
 Necrotise                Necr           100%       1d9       0%          1
 Sandblast                Erth           100%       2d20      0%          1
 Magic Dart               Conj           100%       1d8       1%          1
 Shock                    Conj/Air       100%       1d9       1%          1
 Slow                     Hex            100%       N/A       1%          1
 Searing Ray              Conj           100%       2d8       1%          2
 Static Discharge         Conj/Air       100%       2-7/arc   1%          2
 Mephitic Cloud           Conj/Pois/Air  44%        N/A       1%          3
 Stone Arrow              Conj/Erth      100%       3d13      1%          3
 Summon Small Mammal      Summ           88%        N/A       2%          1
 Inner Flame              Hex/Fire       37%        N/A       3%          3
 Summon Guardian Golem    Hex/Summ       37%        N/A       3%          3
 Call Imp                 Summ           22%        N/A       4%          2
 Scorch                   Fire           44%        2d7       4%          2
 Call Canine Familiar     Summ           22%        N/A       9%          3
 Ozocubu's Armour         Ice            33%        N/A       9%          3
 Animate Dead             Necr           85%        N/A       1%          4
 Fulminant Prism          Conj/Hex       31%        3d16      1%          4
 Agony                    Necr           85%        N/A       1%          5
 Iskenderun's Battlesphe  Conj           72%        2d12      1%          5
 Flame Wave               Conj/Fire      53%        2d13      3%          4
 Sticky Flame             Conj/Fire      53%        2d7       3%          4
 Fireball                 Conj/Fire      26%        3d12      9%          5
 Freezing Cloud           Conj/Ice/Air   30%        6-21      19%         5
 Simulacrum               Ice/Necr       39%        N/A       21%         6
 Olgreb's Toxic Radiance  Pois           22%        N/A       28%         4
 Passage of Golubria      Tloc           22%        N/A       28%         4
 Summon Ice Beast         Ice/Summ       33%        N/A       28%         4
 Metabolic Englaciation   Hex/Ice        27%        N/A       28%         5
 Silence                  Hex/Air        18%        N/A       28%         5
 Summon Mana Viper        Hex/Summ       37%        N/A       28%         5
 Orb of Destruction       Conj           36%        9d11      28%         7
 Borgnjor's Revivificati  Necr           42%        N/A       36%         8
 Necromutation            Tmut/Necr      42%        N/A       41%         8
 Conjure Ball Lightning   Conj/Air       26%        3x3d7     43%         6
 Lehudib's Crystal Spear  Conj/Erth      39%        10d10     67%         8
 Spellforged Servitor     Conj/Summ      26%        N/A       95%         7
 Death's Door             Necr           42%        N/A       99%         9
 Malign Gateway           Summ/Tloc      11%        N/A       100%        7
 Monstrous Menagerie      Summ           11%        N/A       100%        7
 Ozocubu's Refrigeration  Ice            16%        4d11      100%        7
 Ignition                 Fire           11%        3d5       100%        8
 Summon Horrible Things   Summ           11%        N/A       100%        8
 Chain Lightning          Conj/Air       26%        3d35      100%        9
 Polar Vortex             Ice            16%        N/A       100%        9


Dungeon Overview and Level Annotations

Branches:
Dungeon (15/15)            Temple (1/1) D:5            Lair (5/5) D:9
 Shoals (4/4) Lair:3       Spider (4/4) Lair:2        Slime (0/5) Lair:4
    Orc (2/2) D:11            Elf (3/3) Orc:2        Vaults (4/5) D:13
  Crypt (0/3) Vaults:3     Depths (4/4) D:15            Zot (1/5) Depths:4
  Sewer (visited)           IceCv (visited)         Gauntlet (visited)

Altars:
Ashenzari
Cheibriados
Dithmenos
Elyvilon
Fedhas
Gozag
Hepliaklqana
Kikubaaqudgha
Makhleb
Nemelex Xobeh
Okawaru
Qazlal
Ru
Sif Muna
Trog
Uskayaw
Vehumet
Wu Jian
Xom
Yredelemnul
Zin
The Shining One
Jiyva

Shops:
D:3 =   D:10 (   D:14 ***[   Orc:1 (   Orc:2 ([***[   Elf:1 =[[   Elf:2 (
Elf:3 ((   Shoals:4 *   Vaults:3 =   Vaults:4 *!   Depths:1 (   Depths:3 =

Portals:
Hell: Depths:1 Depths:2 Depths:3 Depths:4
Abyss: Depths:1 Depths:3
Pandemonium: Depths:2
Ziggurat: Depths:4
Trove: Vaults:2 (give 16 potions of curing)

Annotations:
D:6 exclusion: oklob plant
D:7 Maggie
Lair:2 exclusion: downstairs
Lair:4 exclusion: downstairs
Lair:5 exclusions: 3 doors and 1 more exclusion
Spider:2 2 transporters, ASSMAN's ghost, journeyman BaBe; Arachne
Elf:2 1 runed translucent door, exclusion: door, Eciono's ghost, adept GnDe
Depths:1 exclusion: 2 doors


Innate Abilities, Weirdness & Mutations

You are a living statue of rough stone.
Your actions are slow, but your melee attacks are powerful.
You are resistant to unholy torment.
Your maximum health is greatly increased.
You are immune to poison.
Your equipment is partially melded.
You are dopey. (Int -2)


Message History

Unknown command.
As you read the scroll of fear, it crumbles to dust.
You assume a fearsome visage.
The storm dragon resists with some effort.
The purple draconian shifter resists with almost no effort.
The black draconian looks frightened!
The yellow draconian annihilator looks frightened!
The black draconian looks frightened!
The black draconian knight resists with some effort.
The death cob is unaffected.
The golden dragon resists with almost no effort.
The zombie hands constrict the storm dragon!
The death cob misses you.
The death cob hits you but does no damage.
The storm dragon struggles to escape constriction.
The purple draconian shifter casts a spell.
The purple draconian shifter blinks!
The black draconian misses your butterfly.
The yellow draconian annihilator casts a spell.
The yellow draconian annihilator blinks!
The death cob hits you but does no damage.
The storm dragon misses your butterfly. The storm dragon claws your butterfly.
Your butterfly dies!
Your butterfly disappears in a burst of colours!
The black draconian knight casts a spell at you.
The shard of ice hits you! You partially resist.
* * * LOW HITPOINT WARNING * * *
You feel much better.
The zombie hands constrict the storm dragon!
The death cob barely misses you. x2
You block the black draconian knight's attack.
You block the death cob's attack.
The yellow draconian annihilator mumbles some strange words.
The yellow draconian annihilator blinks!
The storm dragon struggles to escape constriction.
Your spectral draconian scorcher hits the golden dragon but does no damage.
The death cob hits you but does no damage.
The black draconian knight hits you from afar with a +3 glaive!
You die...
Kikubaaqudgha rasps: "You have failed me!
Welcome... oblivion!"

########## #....b....
#....b...........
#z8bqb.bb........ ##
#..!.bbb........ #.#
#.qZb.bbb..)..## #.#
#b..Dbb.d..)...# #.#
#..bb.Db.......##
#.##.d..bq[..).....#
##)#................
#.#.........§q......
#.###...∩............


You could see a black draconian knight (fast, invisible), a golden dragon (ally
target), a storm dragon (clutched, ally target), 2 draconians, a purple
draconian shifter, a death cob (ally target), a yellow draconian annihilator
(fleeing, ally target) and a friendly spectral draconian scorcher.

Vanquished Creatures
  A juggernaut (Abyss:3)
  A bone dragon (Abyss:2)
  A hellephant (Depths:2)
  A tentacled monstrosity (Zot:1)
  A lich (Depths:4)
  2 titans
  Mlioglotl (Shoals:2)
  4 deep elf blademasters (Elf:3)
  3 deep elf master archers (Elf:3)
  2 quicksilver dragons (Depths:4)
  Agnes (Elf:2)
  2 sphinxes
  7 shadow dragons
  A tengu reaver (Depths:4)
  3 draconian monks (Depths:4)
  An iron dragon (Depths:1)
  Ilsuiw (Shoals:4)
  5 deep elf sorcerers
  2 fire giants
  A draconian scorcher (Zot:1)
  5 frost giants
  The ghost of Etwihode the Blocker, a journeyman MiFi of Qazlal (Shoals:3)
  5 emperor scorpions (Spider:4)
  10 vault wardens
  A spriggan defender (Depths:2)
  An angel (Abyss:3)
  A cacodemon (Abyss:3)
  A draconian shifter (Depths:4)
  12 stone giants
  23 very ugly things
  3 orc warlords
  2 draconian annihilators (Depths:4)
  3 broodmothers
  2 deep elf elementalists (Elf:3)
  4 war gargoyles
  10 ironbound preservers
  2 ophanim (Abyss:3)
  2 deep elf demonologists
  3 green draconians (Depths:4)
  2 vampire knights (Depths:4)
  7 ironbound thunderhulks
  A minotaur (Gauntlet)
  Nessos (D:15)
  Azrael (D:14)
  4 red draconians (Depths:4)
  2 yellow draconians (Zot:1)
  6 black draconians (Depths:4)
  5 deep elf annihilators (Elf:3)
  7 white draconians
  16 dire elephants
  5 purple draconians
  8 spark wasps
  3 deep elf death magi
  7 ettins
  2 crystal guardians
  4 entropy weavers
  A quicksilver dragon zombie (Depths:4)
  6 fire dragons
  5 merfolk impalers
  11 merfolk javelineers
  7 yaktaur captains
  A vault guard (Vaults:4)
  A deep elf high priest (Elf:3)
  3 great orbs of eyes
  3 peacekeepers
  3 rakshasas
  4 ice dragons
  Erica (D:11)
  5 merfolk avatars
  5 hydras
  A catoblepas (Lair:5)
  A radroach (Spider:3)
  2 death knights (D:15)
  5 boulder beetles
  5 ironbound frosthearts
  An alligator snapping turtle (Shoals:3)
  10 centaur warriors
  A satyr (Shoals:3)
  30 dancing weapons
  A spriggan air mage (Depths:1)
  5 two-headed ogres
  6 deep troll shamans
  12 tengu warriors
  3 deep troll earth magi
  3 merfolk aquamancers
  A thrashing horror (Abyss:2)
  An orc high priest (Orc:1)
  2 hell knights (Vaults:1)
  2 spriggan berserkers
  8 death yaks
  2 vampire magi (Depths:4)
  4 soul eaters
  A fire crab (Lair:2)
  3 spriggans
  3 iron trolls
  3 pharaoh ants
  A cherub (Abyss:3)
  10 deep elf knights
  A sixfirhy (D:14)
  6 skeletal warriors
  2 death drakes (Depths:4)
  3 orb spiders
  11 sea snakes
  An orb spider (shapeshifter) (Vaults:1)
  4 glowing orange brains
  2 storm dragon skeletons
  A flayed ghost (Depths:4)
  A kraken simulacrum (Shoals:4)
  12 wizards
  17 deep trolls
  A golden dragon skeleton (Depths:2)
  A sphinx zombie (Depths:1)
  4 deep elf archers
  30 deep elf pyromancers
  4 orc knights
  16 harpies
  26 deep elf zephyrmancers
  2 necromancers
  12 ironbound convokers
  8 lindwurms
  3 phantasmal warriors
  3 fauns (Shoals:3)
  A faun (shapeshifter) (Vaults:4)
  4 cyclopes
  3 steelbarb worms
  A mana viper (shapeshifter) (D:15)
  43 ugly things
  3 orc sorcerers
  7 manticores
  An oklob plant (Gauntlet)
  6 wolf spiders
  2 sphinx skeletons
  3 moths of wrath
  A black mamba (Lair:4)
  6 elephants
  7 merfolk sirens
  10 water nymphs
  An ice statue (IceCv)
  14 vault sentinels
  A rust devil (D:14)
  3 orange demons
  An apocalypse crab (Abyss:3)
  5 demonic crawlers
  12 cane toads
  A smoke demon (D:14)
  2 torpor snails
  A freezing wraith (D:13)
  7 komodo dragons
  A hellion (Abyss:3)
  7 rime drakes
  An efreet (D:13)
  24 yaktaurs
  20 merfolk
  3 ice devils (D:14)
  3 tengu conjurers
  A red devil (D:14)
  7 trolls
  13 polar bears
  A meliai (Spider:2)
  8 wind drakes
  Grinder (D:4)
  A queen bee (Spider:2)
  A wolf spider simulacrum (D:14)
  A tarantella (shapeshifter) (D:14)
  16 tarantellas
  Prince Ribbit (Lair:2)
  7 hornets
  6 blink frogs
  A raiju (Abyss:3)
  16 dream sheep
  6 snapping turtles
  16 jumping spiders
  Sigmund (D:4)
  A spriggan zombie (Depths:1)
  3 air elementals
  A wraith (D:10)
  A shadow (D:12)
  34 slime creatures
  11 culicivoras
  9 water elementals
  Eustachio (D:6)
  11 basilisks
  4 fire bats
  6 fire elementals
  49 yaks
  5 wyverns
  2 vampires
  3 large abominations (Abyss:3)
  13 steam dragons
  3 vampire mosquitoes (D:10)
  3 chaos spawn
  2 small abominations (Abyss:3)
  27 redbacks
  Menkaure (D:6)
  12 water moccasins
  A warg (Orc:1)
  5 acid dragons
  A hell hound (D:14)
  An ice beast (D:5)
  Duvessa (D:4)
  An ettin simulacrum (Vaults:2)
  37 orc warriors
  4 ogres
  A sky beast (D:8)
  20 wolves
  4 centaurs
  2 phantoms
  2 kobold brigands
  9 bullfrogs
  2 necrophages
  4 scorpions
  2 earth elementals (Elf:1)
  Dowan (D:4)
  34 killer bees
  3 electric eels
  5 howler monkeys
  A quasit (Abyss:3)
  3 hounds
  3 gnoll boudas
  19 orc priests
  4 starcursed masses (Abyss:3)
  15 jellies
  Ijyb (D:4)
  6 iguanas
  33 orc wizards
  4 hell rats (Lair:3)
  10 gnolls
  10 adders
  3 shadow imps
  A white imp (D:6)
  3 ufetubi
  A worm (D:3)
  The ghost of drugrobin the Sneak, a weakling DgDe (D:4)
  3 dart slugs
  104 orcs
  2 bats (D:1)
  25 endoplasms
  18 giant cockroaches
  6 goblins
  10 hobgoblins
  2 jackals (D:3)
  11 quokkas
  10 ball pythons
  9 frilled lizards
  15 kobolds
  7 rats
  A tentacle (Shoals:4)
1559 creatures vanquished.

Vanquished Creatures (collateral kills)
  An ancient lich (Depths:4)
  2 golden dragons
  2 tentacled monstrosities (Depths:4)
  A quicksilver dragon (Zot:1)
  A deep elf blademaster (Elf:3)
  A storm dragon (Depths:4)
  A death cob (Zot:1)
  3 shadow dragons (Depths:4)
  A tengu reaver (Vaults:2)
  A draconian monk (Depths:4)
  An emperor scorpion (Spider:4)
  2 vault wardens
  2 fire giants
  2 frost giants
  Louise (Shoals:1)
  A broodmother (Spider:3)
  An orc warlord (Vaults:3)
  An ironbound preserver (Vaults:4)
  A stone giant (Depths:4)
  A draconian annihilator (Depths:4)
  2 very ugly things (Depths:4)
  2 vampire knights (Depths:4)
  An ophan (Abyss:3)
  A deep elf demonologist (Elf:3)
  10 dire elephants
  4 white draconians (Depths:4)
  A purple draconian (Depths:4)
  2 black draconians (Depths:4)
  A red draconian (Depths:4)
  2 deep elf death magi
  2 deep elf high priests (Elf:3)
  A merfolk javelineer (Shoals:4)
  A great orb of eyes (Vaults:1)
  2 fire dragons (Depths:4)
  A merfolk impaler (Shoals:4)
  2 yaktaur captains
  An entropy weaver (Spider:1)
  2 rakshasas
  A hydra (Lair:5)
  An ice dragon (Depths:1)
  An ironbound frostheart (Vaults:2)
  2 merfolk avatars
  A death yak (Lair:3)
  4 boulder beetles
  2 centaur warriors
  A tengu warrior (Depths:1)
  3 deep troll shamans
  2 deep troll earth magi (Depths:2)
  5 hell knights (Vaults:1)
  A deep elf knight (Elf:3)
  4 iron trolls
  A storm dragon skeleton (Depths:1)
  5 pharaoh ants
  2 sea snakes (Shoals:4)
  A skeletal warrior (Depths:4)
  A flayed ghost (Depths:4)
  2 orb spiders
  A cherub (Abyss:3)
  19 deep trolls
  6 harpies
  A deep elf archer (Elf:1)
  5 wizards
  3 steelbarb worms (Spider:4)
  An ironbound convoker (Vaults:1)
  A lindwurm (Vaults:1)
  A deep elf zephyrmancer (Elf:2)
  8 ugly things
  8 wolf spiders
  A fire giant zombie (Depths:1)
  2 deep elf pyromancers
  4 moths of wrath
  A moth of wrath (shapeshifter) (Depths:2)
  4 manticores
  2 merfolk sirens (Shoals:4)
  4 vault sentinels
  2 demonic crawlers (Spider:1)
  A naga skeleton (Abyss:3)
  11 yaktaurs
  A merfolk (Shoals:4)
  2 meliai (Spider:2)
  3 wind drakes
  A hornet (Depths:1)
  4 tarantellas
  A snapping turtle (Shoals:3)
  9 slime creatures
  3 culicivoras
  10 jumping spiders
  8 water elementals
  An air elemental (Elf:1)
  A spriggan (Depths:1)
  2 fire elementals (D:14)
  26 redbacks
  A warg (Orc:1)
  A hell hound (D:14)
  An orc warrior (Orc:1)
  An ice beast (Vaults:2)
  A bullfrog (Lair:3)
  5 killer bees (Spider:2)
  2 white imps
  3 orcs (Orc:1)
278 creatures vanquished.

Vanquished Creatures (others)
  A deep elf master archer (Elf:3)
  A draconian knight (Zot:1)
  A frost giant (Depths:1)
  An ironbound preserver (Vaults:4)
  A merfolk javelineer (Shoals:4)
  A yaktaur captain (Vaults:4)
  An ettin (Depths:1)
  A radroach (Spider:4)
  A boulder beetle (Spider:2)
  A deep elf knight (Elf:2)
  A lindwurm (Vaults:4)
  An ironbound convoker (Vaults:2)
  A necromancer (Depths:1)
  A deep elf archer (Elf:2)
  A harpy (Vaults:3)
  2 vault sentinels
  A rime drake (Lair:2)
  2 yaktaurs
  A tengu conjurer (Depths:2)
  An air elemental (Elf:2)
  A slime creature (Vaults:3)
  3 water elementals
  6 demonic plants (D:14)
  40 fungi
  181 plants
  7 starspawn tentacles (Abyss:2)
  3 tentacles (Shoals:4)
263 creatures vanquished.

Grand Total: 2100 creatures vanquished

Notes
Turn   | Place    | Note
-------+----------+-------------------------------------------
     0 | D:1      | browni3141 the Human Earth Elementalist began the quest for
                  | the Orb.
     0 | D:1      | Reached XP level 1. HP: 13/13 MP: 3/3
    96 | D:1      | Reached skill level 1 in Fighting
   104 | D:1      | Reached XP level 2. HP: 21/21 MP: 0/5
   242 | D:1      | Learned a level 2 spell: Passwall
   451 | D:1      | Reached XP level 3. HP: 27/27 MP: 3/6
  1037 | D:2      | Found a faded altar of an unknown god.
  1123 | D:2      | Identified the ring of Ascent {Ice rElec rPois Will- SInv}
  1207 | D:2      | Reached XP level 4. HP: 33/33 MP: 4/7
  2218 | D:3      | Found Huafeiz's Jewellery Shop.
  2487 | D:3      | Reached XP level 5. HP: 38/38 MP: 6/8
  3021 | D:4      | Found a runed translucent gate.
  3021 | D:4      | Found a runed translucent gate.
  3021 | D:4      | Found a runed translucent gate.
  3021 | D:4      | Noticed drugrobin's ghost (weakling DgDe)
  3026 | D:4      | Noticed Sigmund
  3185 | D:4      | Noticed an ogre
  3495 | D:4      | Noticed an ogre
  3506 | D:4      | Noticed Ijyb
  3605 | D:5      | Entered Level 5 of the Dungeon
  3612 | D:5      | Reached skill level 1 in Short Blades
  3623 | D:5      | Reached XP level 6. HP: 36/44 MP: 7/10
  3700 | D:5      | Reached skill level 5 in Earth Magic
  3871 | D:5      | Noticed an ice beast
  3889 | D:5      | Killed an ice beast
  3890 | D:5      | Reached XP level 7. HP: 48/52 MP: 6/11
  3894 | D:5      | Learned a level 3 spell: Stone Arrow
  3936 | D:5      | Reached skill level 1 in Conjurations
  4034 | D:5      | Found a staircase to the Ecumenical Temple.
  4044 | Temple   | Entered the Ecumenical Temple
  4301 | Temple   | Became a worshipper of Kikubaaqudgha
  4736 | D:5      | Learned a level 4 spell: Petrify
  4921 | D:5      | Found an ornate altar of the Wu Jian Council.
  5141 | D:5      | Reached XP level 8. HP: 58/58 MP: 8/13
  5390 | D:6      | Found a glowing drain.
  5398 | Sewer    | Entered a sewer
  5435 | Sewer    | Reached * piety under Kikubaaqudgha
  5435 | Sewer    | Received a gift from Kikubaaqudgha
  6032 | D:6      | Noticed an oklob plant
  6044 | D:6      | Reached ** piety under Kikubaaqudgha
  6054 | D:6      | Reached skill level 5 in Spellcasting
  6349 | D:6      | Reached XP level 9. HP: 63/63 MP: 12/17
  6512 | D:6      | Noticed Menkaure
  6515 | D:6      | Killed Menkaure
  6881 | D:6      | Learned a level 3 spell: Confusing Touch
  6954 | D:6      | Noticed Eustachio
  7132 | D:6      | Killed Eustachio
  7238 | D:6      | Learned a level 1 spell: Slow
  7241 | D:6      | Learned a level 2 spell: Sublimation of Blood
  7245 | D:6      | Learned a level 3 spell: Vampiric Draining
  7349 | D:7      | Reached skill level 1 in Necromancy
  7855 | D:7      | Noticed a hornet
  7922 | D:7      | Noticed Maggie
  8074 | D:7      | Killed a hornet
  8356 | D:7      | Reached *** piety under Kikubaaqudgha
  8356 | D:7      | Received a gift from Kikubaaqudgha
  8757 | D:4      | Reached XP level 10. HP: 43/70 MP: 15/19
  8842 | D:4      | Reached skill level 5 in Hexes
  8925 | D:4      | Noticed Duvessa
  8925 | D:4      | Noticed Dowan
  8947 | D:4      | Killed Ijyb
  9014 | D:4      | Noticed Grinder
  9029 | D:4      | Killed Grinder
  9030 | D:4      | Reached skill level 5 in Necromancy
  9082 | D:4      | Killed Sigmund
  9294 | D:4      | Killed Duvessa
  9295 | D:4      | Killed Dowan
  9799 | D:4      | Found a runed translucent gate.
  9799 | D:4      | Found a runed translucent gate.
  9799 | D:4      | Found a runed translucent gate.
  9947 | D:4      | Killed drugrobin's ghost
  9951 | D:4      | Learned a level 2 spell: Cigotuvi's Dreadful Rot
 11152 | D:9      | Noticed a two-headed ogre
 11296 | D:9      | Reached skill level 5 in Evocations
 11493 | D:9      | Noticed an elephant
 12258 | D:9      | Noticed a two-headed ogre
 12421 | D:9      | Killed a two-headed ogre
 12602 | D:9      | Killed a two-headed ogre
 12603 | D:9      | Reached XP level 11. HP: 53/75 MP: 4/22
 12741 | D:9      | Found a staircase to the Lair.
 13037 | D:9      | Learned a level 5 spell: Borgnjor's Vile Clutch
 13462 | D:9      | Killed an elephant
 13763 | D:9      | Reached **** piety under Kikubaaqudgha
 14196 | D:10     | Entered Level 10 of the Dungeon
 14931 | D:10     | Found Emne's Antique Weapon Shoppe.
 14946 | D:10     | Identified the +0 leather armour "Tustropne" {Dex+3}
 15665 | D:11     | Reached skill level 10 in Earth Magic
 15833 | D:11     | Noticed Erica
 15851 | D:11     | Killed Erica
 15852 | D:11     | Reached XP level 12. HP: 55/81 MP: 12/24
 15961 | D:11     | Reached skill level 10 in Necromancy
 16333 | D:3      | Bought the amulet of Fatigue {RegenMP rPois Str+3} for 617
                  | gold pieces
 16556 | D:11     | Noticed a tengu warrior
 16564 | D:11     | Killed a tengu warrior
 16584 | D:11     | Noticed a tengu warrior
 16591 | D:11     | Killed a tengu warrior
 16592 | D:11     | Reached skill level 5 in Fighting
 16717 | D:11     | Found a staircase to the Orcish Mines.
 16872 | Lair:1   | Entered Level 1 of the Lair of Beasts
 18020 | Lair:2   | Noticed Prince Ribbit
 18031 | Lair:2   | Killed Prince Ribbit
 18154 | Lair:2   | Found a transporter.
 18178 | Lair:2   | Reached skill level 5 in Dodging
 18354 | Lair:2   | Reached XP level 13. HP: 42/98 MP: 6/25
 18587 | Lair:2   | Reached ***** piety under Kikubaaqudgha
 18726 | Lair:2   | Found a hole to the Spider Nest.
 18803 | Lair:2   | Found a transporter.
 19084 | Lair:2   | Identified a scroll of acquirement
 19098 | Lair:2   | Acquired the +2 helmet of the Hall of Blades {Fly rF+
                  | Dex-2}
 19663 | Lair:3   | Found a staircase to the Shoals.
 20617 | Lair:4   | Noticed a six-headed hydra
 20624 | Lair:4   | Killed a six-headed hydra
 20631 | Lair:4   | Found a viscous altar of Jiyva.
 20638 | Lair:4   | Found a staircase to the Slime Pits.
 20883 | Lair:4   | Found a frozen archway.
 20892 | IceCv    | Entered an ice cave
 20985 | IceCv    | Reached XP level 14. HP: 99/105 MP: 13/26
 21309 | IceCv    | Reached skill level 10 in Spellcasting
 22280 | Lair:5   | Entered Level 5 of the Lair of Beasts
 22289 | Lair:5   | Reached ****** piety under Kikubaaqudgha
 23324 | Lair:5   | Reached XP level 15. HP: 110/110 MP: 16/30
 23976 | D:12     | Found a sparkling altar of Nemelex Xobeh.
 25858 | D:13     | Found a gate leading to a gauntlet.
 25864 | Gauntlet | Entered a Gauntlet
 25864 | Gauntlet | Found a transporter.
 25864 | Gauntlet | Found a transporter.
 25880 | Gauntlet | Found a transporter.
 25884 | Gauntlet | Found a transporter.
 25896 | Gauntlet | Found a transporter.
 25898 | Gauntlet | Found a transporter.
 25908 | Gauntlet | Found a transporter.
 25929 | Gauntlet | Found a transporter.
 25935 | Gauntlet | Found a transporter.
 25953 | Gauntlet | Found a transporter.
 25953 | Gauntlet | Found a transporter.
 25998 | Gauntlet | Found a transporter.
 26097 | Gauntlet | Reached skill level 15 in Necromancy
 26100 | Gauntlet | Identified the +2 pair of gloves "Bymuen" {Int+3}
 26139 | Gauntlet | Identified the ring "Finweagh" {rF+ Will- Str+5}
 26194 | Gauntlet | Got the Almanac of Hapless Fulmination
 26386 | D:13     | Found a gate to the Vaults.
 27391 | D:14     | Reached XP level 16. HP: 104/119 MP: 4/32
 27544 | D:14     | Found Jarot Jiyfi's General Store.
 27754 | D:14     | Found Tiatur's Assorted Antiques.
 27762 | D:14     | Reached skill level 5 in Stealth
 27766 | D:14     | Bought a scroll of blinking for 232 gold pieces
 27872 | D:14     | Found Gozag's Platinum Reserve.
 27876 | D:14     | Found an opulent altar of Gozag.
 27939 | D:14     | Found Ysihem's Antique Armour Emporium.
 27946 | D:14     | Bought a dazzling buckler for 218 gold pieces
 27946 | D:14     | Identified the -2 buckler "Tourr" {Will+} (You bought it in
                  | a shop on level 14 of the Dungeon)
 28022 | D:14     | Noticed Azrael
 28031 | D:14     | Killed Azrael
 28343 | D:15     | Entered Level 15 of the Dungeon
 28653 | D:15     | Noticed a frost giant
 28657 | D:15     | Found the +10 morningstar "Eos" {elec, Halo rElec}
 28690 | D:15     | Noticed Nessos
 28708 | D:15     | Killed a frost giant
 28730 | D:15     | Learned a level 6 spell: Death Channel
 28746 | D:15     | Killed Nessos
 28780 | D:15     | Reached skill level 10 in Fighting
 28780 | D:15     | Reached skill level 10 in Dodging
 29497 | D:15     | Found a staircase to the Depths.
 29689 | Orc:1    | Entered Level 1 of the Orcish Mines
 29987 | Orc:1    | Found Pewiturchi's Antique Weapon Emporium.
 30260 | Orc:2    | Entered Level 2 of the Orcish Mines
 30394 | Orc:2    | Found a staircase to the Elven Halls.
 30429 | Orc:2    | Found Exekitse's Specific Store.
 30450 | Orc:2    | Found Eliaph Saczi's General Store.
 30530 | Orc:2    | Found Arutsotz's Antique Armour Emporium.
 31264 | Orc:2    | Found Yvant's General Store.
 31318 | Orc:2    | Bought a condenser vane for 400 gold pieces
 31430 | Orc:2    | Found Luappi's Antique Armour Boutique.
 31432 | Orc:2    | Found Deodwais's Antique Weapon Shop.
 31451 | Orc:2    | Bought a runed cloak for 195 gold pieces
 31610 | D:14     | Bought a pair of embroidered boots for 172 gold pieces
 31811 | Spider:1 | Entered Level 1 of the Spider Nest
 31848 | Spider:1 | Reached XP level 17. HP: 114/131 MP: 3/33
 32635 | Spider:2 | Noticed Arachne
 32640 | Spider:2 | Found a transporter.
 32726 | Spider:2 | Found a transporter.
 32919 | Spider:2 | Noticed ASSMAN's ghost (journeyman BaBe)
 33145 | Spider:2 | Reached skill level 5 in Short Blades
 34841 | Spider:4 | Entered Level 4 of the Spider Nest
 35260 | Spider:4 | Reached XP level 18. HP: 130/142 MP: 28/34
 36284 | Spider:4 | Found the +3 pair of seven-league boots {Rampage+∞}
 36297 | Spider:4 | Got a gossamer rune of Zot
 36517 | Shoals:1 | Entered Level 1 of the Shoals
 36523 | Shoals:1 | Learned a level 4 spell: Cause Fear
 36528 | Shoals:1 | Learned a level 4 spell: Anguish
 36973 | Shoals:1 | Noticed Louise
 37024 | Shoals:1 | Killed Louise
 37832 | Shoals:2 | Noticed Mlioglotl
 37837 | Shoals:2 | Killed Mlioglotl
 39112 | Shoals:3 | Found a runed translucent gate.
 39798 | Shoals:3 | Found a runed translucent gate.
 39798 | Shoals:3 | Found a runed translucent gate.
 39799 | Shoals:3 | Noticed Etwihode's ghost (journeyman MiFi)
 40479 | Shoals:4 | Entered Level 4 of the Shoals
 40528 | Shoals:4 | Reached XP level 19. HP: 135/152 MP: 23/35
 40624 | Shoals:4 | Found Tokhler's General Store.
 40629 | Shoals:4 | Bought a potion of heal wounds for 85 gold pieces
 40629 | Shoals:4 | Bought a potion of curing for 51 gold pieces
 40671 | Shoals:4 | Reached skill level 1 in Staves
 40826 | Shoals:4 | Reached skill level 10 in Short Blades
 41050 | Shoals:4 | Got a barnacled rune of Zot
 41356 | Shoals:4 | Noticed Ilsuiw
 41384 | Shoals:4 | Killed Ilsuiw
 41581 | Shoals:4 | Identified the +6 leather armour "Urphinn" {-Tele rF+ SInv}
 41760 | Shoals:4 | Identified the +0 leather armour of the Endless Expanse
                  | {rC+ Regen+}
 42382 | Elf:1    | Entered Level 1 of the Elven Halls
 42532 | Elf:1    | Paralysed by an air elemental for 1 turns
 42560 | Elf:1    | Got Akyt's Spellbook of Bolts
 42769 | Elf:1    | Found Tyafrish's Armour Shoppe.
 42771 | Elf:1    | Found Jecoxow's Antique Armour Emporium.
 42773 | Elf:1    | Found Ohuang's Jewellery Shoppe.
 42785 | Elf:1    | Bought a pair of polished boots for 256 gold pieces
 42785 | Elf:1    | Identified the +1 pair of boots "Netinao" {+Inv rF+} (You
                  | bought it in a shop on level 1 of the Elven Halls)
 43342 | Elf:1    | Found a stormy altar of Qazlal.
 43985 | Elf:2    | Found a runed translucent gate.
 43986 | Elf:2    | Found a runed translucent gate.
 43987 | Elf:2    | Found a runed translucent gate.
 44412 | Elf:2    | Reached XP level 20. HP: 130/160 MP: 32/36
 45079 | Elf:2    | Noticed Agnes
 45088 | Elf:2    | Killed Agnes
 45274 | Elf:2    | Found Wiz Rang's Antique Weapon Shoppe.
 45415 | Elf:2    | Identified the +9 mace of Yddoj {holy, rF+ Will+ Dex+3}
 45416 | Elf:2    | Found a runed translucent door.
 45418 | Elf:2    | Noticed Eciono's ghost (adept GnDe)
 45651 | Elf:3    | Entered Level 3 of the Elven Halls
 45762 | Elf:3    | Reached skill level 15 in Dodging
 45963 | Elf:3    | Found Nifyss Liowk's Antique Weapon Boutique.
 46180 | Elf:3    | Reached skill level 15 in Fighting
 46187 | Elf:3    | Found Atonetz's Weapon Shop.
 46526 | Elf:3    | Paralysed by an air elemental for 1 turns
 46555 | Elf:3    | Reached skill level 5 in Transmutations
 46597 | Elf:3    | Reached skill level 10 in Stealth
 46892 | Elf:3    | Identified the +6 leather armour of the Bull {Will+}
 47277 | Elf:3    | Identified the amulet "Tuth" {Faith Rampage rPois}
 47465 | Elf:3    | Got Sif Muna's Thoughts on the Volley and the Sun
 47471 | Elf:3    | Identified the +2 scimitar "Mionikea" {drain, rPois rC++
                  | Int+3}
 48013 | Shoals:3 | Killed Etwihode's ghost
 48267 | Shoals:3 | Identified the +1 pair of boots of Ginazite {Will- rCorr
                  | Str+2}
 48521 | Vaults:1 | Entered Level 1 of the Vaults
 48683 | Vaults:1 | Reached XP level 21. HP: 168/168 MP: 2/38
 49838 | Vaults:1 | Paralysed by a great orb of eyes for 5 turns
 50449 | Vaults:2 | Identified the ring "Tolanam" {Dex+2 SInv}
 51046 | Vaults:2 | Identified the +2 robe "Doguas" {-Cast -Tele rPois rN+
                  | rCorr}
 51221 | Vaults:2 | Reached XP level 22. HP: 175/175 MP: 32/40
 51792 | Vaults:2 | Reached skill level 10 in Evocations
 51798 | Vaults:2 | Found a portal to a secret trove of treasure.
 51976 | Vaults:2 | Identified the +2 leather armour of Unbearable Creativity
                  | {Fly Will+ Str-5 Dex+7}
 53248 | Vaults:3 | Found Ocua's Jewellery Shoppe.
 53264 | Vaults:3 | Bought the amulet "Qeoraih" {Reflect +Blink rPois Regen+
                  | SH+5} for 867 gold pieces
 53624 | Abyss:2  | Cast into level 2 of the Abyss (a wizard)
 53656 | Abyss:2  | Found a corrupted altar of Lugonu.
 53701 | Abyss:2  | Noticed a bone dragon
 53713 | Abyss:2  | Killed a bone dragon
 53823 | Abyss:3  | Found a corrupted altar of Lugonu.
 53826 | Abyss:3  | Found a corrupted altar of Lugonu.
 53924 | Abyss:3  | Gained mutation: You are dopey. (Int -2) [a cacodemon]
 53943 | Abyss:3  | Found a corrupted altar of Lugonu.
 53973 | Abyss:3  | Found a glowing golden altar of the Shining One.
 54007 | Abyss:3  | Noticed a juggernaut
 54017 | Abyss:3  | Killed a juggernaut
 54018 | Abyss:3  | Reached skill level 15 in Earth Magic
 54023 | Abyss:3  | Got an abyssal rune of Zot
 54102 | Abyss:3  | Found a glowing golden altar of the Shining One.
 54123 | Abyss:3  | Noticed a bone dragon
 54129 | Vaults:3 | Escaped the Abyss
 54295 | Vaults:3 | Found a staircase to the Crypt.
 54451 | Vaults:4 | Found Coiqush's General Store.
 54465 | Vaults:4 | Bought a potion of heal wounds for 65 gold pieces
 54507 | Vaults:4 | Found Batsa's Distillery.
 54594 | Vaults:4 | Bought a potion of resistance for 190 gold pieces
 54594 | Vaults:4 | Bought a potion of curing for 57 gold pieces
 54594 | Vaults:4 | Bought a potion of brilliance for 76 gold pieces
 54594 | Vaults:4 | Bought a potion of haste for 190 gold pieces
 55285 | Vaults:4 | Reached XP level 23. HP: 169/181 MP: 30/41
 55581 | Vaults:4 | Reached skill level 10 in Transmutations
 56109 | Vaults:4 | Learned a level 4 spell: Dispel Undead
 56116 | Vaults:4 | Learned a level 6 spell: Statue Form
 56126 | Vaults:4 | Learned a level 6 spell: Iron Shot
 56316 | Depths:1 | Entered Level 1 of the Depths
 56371 | Depths:1 | Found Hokhliro's Weapon Shoppe.
 56661 | Depths:1 | Reached skill level 15 in Spellcasting
 56744 | Depths:1 | Found a one-way gate to the infinite horrors of the Abyss.
 57493 | Depths:1 | Found a white marble altar of Elyvilon.
 57521 | Depths:1 | Found a gateway to Hell.
 58280 | Shoals:3 | Identified a +4 rapier of pain (a +2 rapier of speed
                  | bloodied by Kikubaaqudgha)
 58280 | Shoals:3 | Received a gift from Kikubaaqudgha
 59565 | Depths:1 | Bought a +2 rapier of speed for 312 gold pieces
 60121 | Depths:3 | Found Cuanio's Jewellery Shop.
 60325 | Depths:3 | Reached skill level 5 in Conjurations
 60593 | Depths:2 | Found a white marble altar of Elyvilon.
 60593 | Depths:2 | Found a glowing silver altar of Zin.
 60593 | Depths:2 | Found a glowing golden altar of the Shining One.
 60893 | Depths:2 | Reached XP level 24. HP: 79/188 MP: 15/42
 61212 | Depths:2 | Found a one-way gate leading to the halls of Pandemonium.
 61952 | Depths:3 | Reached skill level 15 in Stealth
 62177 | Depths:4 | Entered Level 4 of the Depths
 62504 | Depths:4 | Found a one-way gateway to a ziggurat.
 62644 | Depths:4 | Noticed an ancient lich
 62665 | Depths:4 | Killed an ancient lich
 63413 | Depths:4 | Got the Encyclopedia of Debased Deeds
 64060 | Depths:4 | Identified the ring of the Monkey's Uncle {Fly rPois Will-
                  | EV+5 Str-5}
 64096 | Depths:4 | Reached XP level 25. HP: 144/194 MP: 4/42
 64367 | Depths:4 | Reached skill level 10 in Conjurations
 65058 | Depths:4 | Found a gate to the Realm of Zot.
 65831 | Zot:1    | Entered Level 1 of the Realm of Zot
 65877 | Zot:1    | Identified the +12 battleaxe of Protecting Death {pain,
                  | Will++ Str+5 Int+3}
 65886 | Zot:1    | Reached skill level 15 in Evocations
 65913 | Zot:1    | HP: 7/252 [death cob (22)]
 65914 | Zot:1    | HP: 2/252 [black draconian knight/shard of ice[a purple
                  | draconian shifter] (7)]
 65915 | Zot:1    | Slain by a black draconian knight

Illustrated notes

Levels and vault maps discovered:
D:1:      heliophobic_arrival_dark_side_of_the_moon, layout_basic,
          amethyst_killhole
D:2:      layout_basic, hellmonk_ecumenical_altar_blasted
D:3:      layout_basic, serial_shops, shop, kennysheep_doodads,
          corexii_item_surrounded_by_moat
D:4:      layout_cave_pools, ebering_ghost_rock_garden, uniq_duvessa,
          uniq_sigmund, uniq_ijyb, uniq_grinder
D:5:      layout_basic, nzn_wu_jian_council_hall, minmay_temple_entry_wispy
D:6:      lemuel_slime, layout_basic, gup_sewer_entry_bubbles, serial_curves,
          eino_curves_04, eino_curves_02, uniq_eustachio, uniq_menkaure
D:7:      layout_loops_ring, kennysheep_generic_room_8, uniq_maggie
D:8:      layout_basic
D:9:      layout_basic, david_lair_generic
D:10:     layout_irregular_city, serial_shops,
          nicolae_shop_temple_entry_statues_fountains
D:11:     layout_roguey, erik_orc_2, uniq_erica
D:12:     layout_loops_corners, nemelex_xobeh_ov_fountains_minmay
D:13:     minmay_inside_and_out, layout_loops_ring, erik_vaults_1,
          gauntlet_entry_generic
D:14:     layout_long_grid, serial_demonic, serial_demonic_g, serial_demonic_b,
          serial_demonic_a, serial_demonic_c, serial_shops,
          nicolae_shop_crystal, nicolae_stop_n_shop_1,
          nicolae_shop_overgrown_old_shop, nicolae_gozag_zags_fifth_avenue,
          uniq_azrael
D:15:     grunt_enter_depths_snipers, layout_loops_ring,
          small_statue_intersection, minmay_diamond_spiral, uniq_nessos
Temple:   mainiacjoe_temple_starburst
Lair:1:   layout_loops_ring, infiniplex_staircase_pool
Lair:2:   gammafunk_cloud_chamber, layout_hall_layers,
          hellmonk_spider_entry_life_and_decay, bobbens_dragon_lair_wall,
          uniq_prince_ribbit2
Lair:3:   layout_cellular_growth, elwin_shoals_entry_stream
Lair:4:   layout_big_grid, nicolae_slime_entry_field_trip,
          portal_ice_cave_entry_pillars_2, dreamdust_gnoll_shepherd
Lair:5:   evil_forest, layout_regular_city, serial_bayou_crossing,
          infiniplex_staircase_pool_2, grunt_megastairs_4
Shoals:1: layout_shoals, uniq_louise
Shoals:2: layout_shoals, uniq_mlioglotl
Shoals:3: layout_shoals, gammafunk_ghost_tricky_traps
Shoals:4: shoals_end_grunt_ice, layout_shoals, shoals_ilsuiw_alternative,
          serial_shops, nicolae_shop_hallway_plus
Spider:1: layout_spider_delve
Spider:2: layout_spider_delve, nzn_ghost_randoct, nicolae_looking_at_the_future
Spider:3: layout_spider_delve
Spider:4: grunt_spider_rune_circles, nicolae_spider_paper_wasps
Orc:1:    layout_caves, serial_shops, shop, mines2_david
Orc:2:    grunt_orc_community_town_hall, layout_diamond_mine,
          grunt_orc_community_big_house_2, grunt_orc_community_big_house_2,
          grunt_orc_community_house_3, grunt_orc_community_house_3,
          grunt_orc_community_house_3, grunt_orc_community_house_1,
          grunt_orc_community_house_1, basic_altar, nicolae_specific_store
Elf:1:    elf_arrival_002, layout_geoelf_diagonals, minmay_elf_annihilation,
          nicolae_elf_altarnating, minmay_shop_star, grunt_megastairs_5
Elf:2:    nicolae_elf_blades_splatter_lattice
          [nicolae_blade_entry_hurt_lockers], layout_rooms, serial_shops,
          nicolae_shop_statue_plus, ebering_ghost_inner_flame, uniq_agnes
Elf:3:    minmay_elf_hall, layout_loops_corners, serial_shops,
          nicolae_shop_bloodbath_and_beyond, shop, statue_in_the_mist_lemuel
Vaults:1: ontoclasm_vaults_misaligned, st_spiral_rooms,
          ontoclasm_vaults_loading_screen, ontoclasm_vaults_chip,
          vaults_room_grid, nicolae_vaults_border_crossing,
          nicolae_vaults_little_squares_4, nicolae_vaults_little_squares_3,
          v_rooms_6, v_rooms_4, vaults_room_grunt_arrival_ludios,
          vaults_room_fours, vaults_mumra_lcd, ontoclasm_vaults_claustrophobia,
          v_misc_14, vaults_dpeg_doors, serial_ice_h,
          nicolae_vaults_circle_grid_a, hangedman_vaults_stretched_pinwheel,
          vaults_dpeg_hooks, vaults_dpeg_cross, ontoclasm_vaults_gateway,
          layout_vaults_omnibox
Vaults:2: nicolae_vaults_stairing_the_circle, nicolae_vaults_triangles,
          nicolae_vaults_ninety_degrees, grunt_vaults_swirl,
          hangedman_vaults_locks, nicolae_vaults_yaktaur_gun_rack,
          vaults_mumra_chevron_long, ontoclasm_vaults_fault,
          hangedman_vaults_impose, st_hourglassy, serial_ice_h,
          nicolae_vaults_shelves_hall, layout_vaults_ring, enter_trove_6
Vaults:3: nicolae_vaults_alarming, v_misc_1, hangedman_vaults_trim,
          nicolae_vaults_little_ls, nicolae_vaults_rhombus_7, st_lines,
          nicolae_vaults_mini_display_case, layout_vaults_big_room,
          dummy_crypt_entry, serial_shops, shop
Vaults:4: vaults_mumra_hexcomb, v_misc_18, nicolae_vaults_puzzle_piece,
          hangedman_vaults_stretched_pinwheel, ontoclasm_vaults_idyll,
          v_rooms_2, ontoclasm_vaults_decontamination, v_misc_14,
          nicolae_vaults_shelves_hall, v_pattern_4, layout_vaults_omnicross,
          serial_shops, shop, nicolae_shop_window_shopping
Depths:1: layout_forbidden_donut, hellmouth_2,
          nicolae_abyss_entry_one_way_or_another, kennysheep_nondescript,
          serial_shops, nicolae_shop_advertising_works
          [nicolae_subvault_shop_adworks], elyvilon_altar_1
Depths:2: mu_elephants_graveyard, layout_twisted_cross, good_gods_mini_temple,
          grunt_pan_entry_spiral, hell_entry, lemuel_flame_loot_1
Depths:3: lemuel_troll_bridge, layout_basic, abyss_entry_glasseish, hell_entry,
          minmay_shop_enchanted_jewellery
Depths:4: lemuel_castle_with_subvaults [lemuel_castle_interior_original],
          layout_gridlike, enter_ziggurat_b, serial_bayou, serial_bayou_pond_b,
          serial_bayou_lake_a, serial_bayou_ford_a, serial_bayou_pond_e,
          hell_entry, special_room [special_room_morgue]
Zot:1:    regret_index_qazlal_generations, layout_onion, st_stairs_7,
          hangedman_spider_trapstep

Skill      XL: |  1  2  3  4  5  6  7  8  9 10 11 12 13 14 15 16 17 18 19 20 21 22 23 24 25 |
---------------+----------------------------------------------------------------------------+-----
Fighting       | 1 2 3 8 11 12 14 15 | 15.0
Transmutations | 2 3 6 8 9 11 13 14 | 14.3
Earth Magic    | 4 5 6 7 8 10 11 12 13 14 15 | 15.0
Spellcasting   | 3 5 6 7 8 11 12 13 14 15 | 15.0
Short Blades   | 2 7 9 10 | 10.0
Conjurations   | 2 6 9 10 | 10.7
Hexes          | 4 5 |  5.0
Necromancy     | 4 6 9 10 11 13 15 | 15.0
Evocations     | 5 6 8 9 11 12 14 15 | 15.0
Dodging        | 6 8 11 12 14 15 | 15.0
Stealth        | 4 8 9 10 11 13 14 15 | 15.0
Staves         | 3 4 |  4.0

Action                     |  1- 3 |  4- 6 |  7- 9 | 10-12 | 13-15 | 16-18 | 19-21 | 22-24 | 25-27 || total
---------------------------+-------+-------+-------+-------+-------+-------+-------+-------+-------++-------
  Melee: Club              |     3 |       |       |       |       |       |       |       |       ||     3
         Dagger            |       |    37 |   158 |   322 |   227 |   421 |       |       |       ||  1165
         Punch             |       |       |     1 |     3 |     2 |       |       |       |       ||     6
         Staff             |       |       |       |       |       |       |   114 |   193 |       ||   307
         Rapier            |       |       |       |       |       |       |       |   366 |    92 ||   458
  Throw: Dart              |       |       |       |       |     1 |       |       |       |       ||     1
   Cast: Sandblast         |    46 |    54 |   129 |   139 |   359 |   342 |   263 |   123 |       ||  1455
         Petrify           |       |       |     5 |    38 |    16 |     6 |       |     1 |       ||    66
         Stone Arrow       |       |       |     3 |     7 |    54 |    44 |    76 |    61 |       ||   245
         Passwall          |       |       |     1 |     9 |       |     1 |       |       |       ||    11
         Confusing Touch   |       |       |     1 |     2 |       |       |     1 |     7 |       ||    11
         Slow              |       |       |     1 |     1 |       |       |       |       |       ||     2
         Vampiric Draining |       |       |       |     4 |    11 |    20 |     7 |       |       ||    42
         Cigotuvi's Dreadf |       |       |       |     1 |     1 |       |       |       |       ||     2
         Borgnjor's Vile C |       |       |       |    68 |   167 |   220 |   237 |   206 |    28 ||   926
         Sublimation of Bl |       |       |       |     1 |     1 |    14 |     2 |    26 |     3 ||    47
         Death Channel     |       |       |       |       |       |    28 |    30 |    44 |     4 ||   106
         Anguish           |       |       |       |       |       |     2 |     1 |       |       ||     3
         Cause Fear        |       |       |       |       |       |     1 |     2 |     1 |       ||     4
         Iron Shot         |       |       |       |       |       |       |       |   110 |    40 ||   150
         Statue Form       |       |       |       |       |       |       |       |       |     1 ||     1
 Invoke: Unearth Wretches  |       |       |       |       |       |     2 |       |     4 |       ||     6
         Brand Weapon With |       |       |       |       |       |       |       |     1 |       ||     1
Ability: Evoke Blink       |       |       |       |       |       |       |       |     1 |       ||     1
  Evoke: Wand              |       |       |     1 |    13 |       |     2 |     9 |    17 |     3 ||    45
         Phantom mirror    |       |       |     1 |     1 |     3 |     3 |     3 |     5 |     2 ||    18
         Phial of floods   |       |       |       |       |     1 |     2 |       |     1 |     1 ||     5
         Box of beasts     |       |       |       |       |     1 |     3 |     3 |     8 |     1 ||    16
         Condenser vane    |       |       |       |       |       |     3 |     6 |     7 |     2 ||    18
    Use: Scroll            |       |     6 |       |     5 |    15 |    13 |     7 |    20 |     5 ||    71
         Potion            |       |       |       |     2 |       |     6 |     5 |     8 |     7 ||    28
   Stab: Petrified         |       |       |     5 |    40 |    26 |     5 |       |     6 |       ||    82
         Confused          |       |       |     1 |     5 |       |       |     1 |     9 |       ||    16
         Petrifying        |       |       |       |     3 |       |       |       |       |       ||     3
         Paralysed         |       |       |       |     1 |       |     2 |       |       |       ||     3
         Sleeping          |       |       |       |       |       |    17 |       |     6 |       ||    23
         Distracted        |       |       |       |       |       |     5 |     3 |    12 |     4 ||    24
 Armour: Robe              |     1 |    14 |    36 |    11 |       |       |       |       |       ||    62
         Leather armour    |       |       |       |   157 |   269 |   502 |   225 |   325 |    56 ||  1534
         Skin              |       |       |       |       |       |       |       |       |    10 ||    10
  Dodge: Dodged            |     2 |    37 |    86 |   274 |   360 |   639 |   345 |   487 |    80 ||  2310
  Block: Buckler           |       |       |       |       |    28 |   152 |    46 |   384 |    38 ||   648
         Reflection        |       |       |       |       |       |       |       |    12 |     1 ||    13

Table legend: (Time is in decaauts)
 A = Elapsed time spent in this place.
 B = Non-inter-level travel time spent in this place.
 C = Inter-level travel time spent in this place.
 D = Time resting spent in this place.
 E = Time spent auto-exploring this place.
 F = Levels seen in this place.
 G = Mean time per level.
                   A        B        C        D        E       F      G
               +--------+--------+--------+--------+--------+-----+--------+
         Total |  66545 |  61020 |   5525 |   8685 |  36634 |  48 | 1386.4 |
       Dungeon |  22494 |  20198 |   2296 |   2251 |  12790 |  15 | 1499.6 |
        Temple |    560 |    523 |     37 |      0 |    506 |   1 |  560.0 |
          Lair |   6869 |   5964 |    905 |    788 |   3648 |   5 | 1373.8 |
        Shoals |   6465 |   5826 |    639 |   1260 |   3213 |   4 | 1616.2 |
   Spider Nest |   4877 |   4405 |    472 |    698 |   2459 |   4 | 1219.2 |
  Orcish Mines |   1905 |   1781 |    124 |     27 |   1219 |   2 |  952.5 |
   Elven Halls |   5356 |   5089 |    267 |   1108 |   3024 |   3 | 1785.3 |
        Vaults |   7565 |   7054 |    511 |    573 |   4893 |   4 | 1891.2 |
        Depths |   7805 |   7536 |    269 |   1527 |   4063 |   4 | 1951.2 |
           Zot |     86 |     86 |      0 |      3 |      0 |   1 |   86.0 |
         Abyss |    498 |    498 |      0 |    118 |      0 |   2 |  249.0 |
         Sewer |    574 |    574 |      0 |    131 |    185 |   1 |  574.0 |
      Ice Cave |   1026 |   1026 |      0 |    177 |    385 |   1 | 1026.0 |
      Gauntlet |    457 |    457 |      0 |     24 |    248 |   1 |  457.0 |
               +--------+--------+--------+--------+--------+-----+--------+

Top non-repeatable levels by time:
     D:9: 3126 daAuts
Depths:4: 3044 daAuts
Vaults:1: 2047 daAuts
Shoals:3: 2046 daAuts
Vaults:2: 2037 daAuts
   Elf:3: 1921 daAuts
    D:12: 1814 daAuts
Depths:3: 1777 daAuts
   Elf:2: 1759 daAuts
Shoals:4: 1757 daAuts
     D:6: 1754 daAuts
Vaults:3: 1747 daAuts
Vaults:4: 1734 daAuts
Depths:1: 1725 daAuts
   Elf:1: 1675 daAuts
